 Dungeon Crawl Stone Soup version 0.20.0-8-g6b59dc7 (webtiles) character file.

34 Deemzul the Ducker (level 3, -1/17 HPs)
             Began as a Felid Berserker on May 31, 2017.
             Was a Follower of Trog.
             Slain by an adder (4 damage)
             ... on level 3 of the Dungeon.
             The game lasted 00:01:42 (3932 turns).

Deemzul the Ducker (Felid Berserker)                Turns: 3932, Time: 00:01:43

Health: -1/17      AC:  1    Str: 13    XL:     3   Next: 14%
Magic:  4/4        EV: 20    Int:  8    God:    Trog [*.....]
Gold:   26         SH:  0    Dex: 16    Spells: 2/2 levels left
                                        Lives:  0   Deaths: 1

rFire    . . .     SeeInvis +     - Unarmed
rCold    . . .     Gourm    .   (shield unavailable)
rNeg     . . .     Faith    .   (armour unavailable)
rPois    .         Spirit   .   (helmet unavailable)
rElec    .         Reflect  .   (cloak unavailable)
rCorr    .         Harm     .   (gloves unavailable)
MR       .....                  (boots unavailable)
Stlth    ++........             (no amulet)
Regen    0.1/turn               (no ring)
MPRegen  0.1/turn               (no ring)

@: fainting, quick
A: no armour, no weapons or thrown items, stealth, claws 1, fangs 3, see
invisible, carnivore 3, speed 1, shaggy fur 1, slow metabolism 1, sharp paws
a: Berserk, Burn Spellbooks, Renounce Religion


You were on level 3 of the Dungeon.
You worshipped Trog.
Trog was aware of your devotion.
You were fainting.

You visited 1 branch of the dungeon, and saw 3 of its levels.

You collected 26 gold pieces.

Inventory:

Scrolls
 b - 2 scrolls of fog {unknown}
 c - 2 scrolls of random uselessness {unknown}
 g - a scroll of blinking {unknown}
 h - 2 scrolls of enchant armour {unknown}
 i - a scroll of identify {unknown}
Potions
 d - a potion of curing
 e - a potion of heal wounds {unknown}
 f - a potion of cancellation {unknown}
Comestibles
 a - a meat ration


   Skills:
 + Level 3.5 Fighting
 + Level 4.9 Dodging
 * Level 4.0 Unarmed Combat


You had 2 spell levels left.
You didn't know any spells.

Dungeon Overview and Level Annotations

Branches:
Dungeon (3/15)

Altars:
Dithmenos

Annotations:
D:2 Sigmund


Innate Abilities, Weirdness & Mutations

You cannot wear armour.
You are incapable of wielding weapons or throwing items.
Your paws allow you to move quietly. (Stealth)
You have sharp claws.
You have razor-sharp teeth.
You have supernaturally acute eyesight. (SInv)
You are carnivorous and can eat meat at any time.
You cover ground quickly.
You are covered in fur. (AC +1)
You have a slow metabolism.
Your sharp claws are effective at attacking unaware monsters.


Message History

The adder barely misses you. The adder closely misses you.
The adder barely misses you. The adder completely misses you.
The adder closely misses you. The adder bites you.
The adder completely misses you. The adder completely misses you.
The adder bites you. The adder completely misses you.
The adder closely misses you. The adder barely misses you.
The adder completely misses you. The adder bites you.
* * * LOW HITPOINT WARNING * * *
The adder completely misses you. The adder misses you.
The adder barely misses you. The adder misses you. The adder barely misses you.
The adder misses you. The adder completely misses you. The adder bites you.
You die...

#.......#
#######.#
#.....#.#
#.###.#.# #.#
#...#
#.##############
#.†............#
##############.#
#.S@.# #'#### ..
... ... .. #


You could see an adder.

Vanquished Creatures
  An orc wizard (D:3)
  An adder (D:3)
  3 orcs (D:3)
  2 giant cockroaches (D:1)
  3 goblins
  4 hobgoblins
  2 jackals (D:2)
  5 kobolds (D:1)
  2 ball pythons (D:1)
  8 bats
  A frilled lizard (D:1)
  4 rats
36 creatures vanquished.

Notes
Turn   | Place    | Note
-------+----------+-------------------------------------------
     0 | D:1      | Deemzul the Felid Berserker began the quest for the Orb.
     0 | D:1      | Reached XP level 1. HP: 10/10 MP: 2/2
   246 | D:1      | Reached XP level 2. HP: 12/14 MP: 3/3
   792 | D:2      | Reached XP level 3. HP: 14/17 MP: 4/4
   868 | D:2      | Noticed Sigmund
   870 | D:2      | Found a shadowy altar of Dithmenos.
  1121 | D:3      | Reached ** piety under Trog
  1121 | D:3      | Reached XP level 4. HP: 21/21 MP: 5/5
  1129 | D:3      | Killed from afar by an orc wizard
  1130 | D:3      | Reached XP level 3. HP: -1/17 MP: 4/4
  3932 | D:3      | Slain by an adder

Skill      XL: |  1  2  3 |
---------------+----------+-----
Unarmed Combat | 4 |  4.0
Fighting       | |  3.5
Dodging        | |  4.9

Action                   |  1- 3 |  4- 6 || total
-------------------------+-------+-------++-------
Melee: Unarmed           |    89 |     4 ||    93
       Bite              |     7 |     1 ||     8
Invok: Berserk           |     1 |       ||     1
  Use: Potion            |     1 |       ||     1
 Stab: Sleeping          |     8 |       ||     8
  Eat: Chunk             |     1 |       ||     1
Armor: Skin              |     6 |       ||     6
Dodge: Dodged            |   129 |       ||   129
